 Dungeon Crawl Stone Soup version 0.28-a0-655-g4eb62b627b (webtiles) character file.

Game seed: 2036799104413946045

4 meatgazer the Skirmisher (level 1, -1/12 HPs)
             Began as a Demonspawn Abyssal Knight on Oct 12, 2021.
             Was an Initiate of Lugonu.
             Slain by a jackal (3 damage)
             ... on level 1 of the Dungeon.
             The game lasted 00:01:22 (282 turns).

meatgazer the Skirmisher (Demonspawn Abyssal Knight) Turns: 282, Time: 00:01:23

Health: -1/12      AC:  3    Str:  7 (9)  XL:     1   Next: 58%
Magic:  1/1        EV: 11    Int:  7      God:    Lugonu [......]
Gold:   9          SH:  0    Dex: 12 (13) Spells: 0/0 levels left

rFire   . . .      SeeInvis +   a - +1 spear
rCold   + . .      Faith    .   (no shield)
rNeg    . . .      Spirit   .   b - +0 leather armour
rPois   .          Reflect  .   (no helmet)
rElec   +          Harm     .   (no cloak)
rCorr   +          Rampage  .   (no gloves)
Will    .....      Rnd*Tele +   (no boots)
Stlth   ..........              (no amulet)
HPRegen 0.04/turn               d - ring "Agrel" {rElec rC+ rCorr SInv Stlth-}
MPRegen 0.07/turn               (no ring)

@: no status effects
A: [deterioration 2], [dopey 2], [frail 3], [low mp 3], [teleportitis 2], [weak
2], [subdued magic 3]
a: Renounce Religion


You were on level 1 of the Dungeon.
You worshipped Lugonu.
Lugonu was noncommittal.
You visited 1 branch of the dungeon, and saw 1 of its levels.
You visited the Abyss 1 time.

You collected 9 gold pieces.

Inventory:

Hand Weapons
 a - a +1 spear (weapon)
Armour
 b - a +0 leather armour (worn)
Jewellery
 d - the ring "Agrel" (left hand) {rElec rC+ rCorr SInv Stlth-}
   (You found it on level 4 of the Abyss)

   [ring of protection from cold]

   rC:        It protects you from cold.
   rElec:     It insulates you from electricity.
   SInv:      It lets you see invisible.
   rCorr:     It protects you from acid and corrosion.
   Stlth:     It makes you less stealthy.
Scrolls
 c - a scroll of teleportation


   Skills:
 + Level 3.1 Fighting
 + Level 1.8 Polearms
 + Level 1.9 Armour
 + Level 0.8 Dodging
 + Level 2.4 Invocations


You couldn't memorise any spells.
You didn't know any spells.
Your spell library was empty.

Dungeon Overview and Level Annotations

Branches:
Dungeon (1/15)

Altars:


Innate Abilities, Weirdness & Mutations

[Your body often deteriorates upon taking damage.]
[You are very dopey. (Int -4)]
[You are extremely frail. (-30% HP)]
[Your magical capacity is extremely low. (-30% MP)]
[You are sometimes teleported next to monsters.]
[You are very weak. (Str -4)]
[Your spells are much easier to cast, but much less powerful.]


Message History

Things that are here:
a +0 club; a kobold corpse You open the door.
There is an open door here.
There is an open door here.
You hit the goblin.
The goblin is severely wounded.
The goblin hits you with a +0 club.
* * * LOW HITPOINT WARNING * * *
You hit the goblin.
You kill the goblin!
Lugonu accepts your kill.
You start resting.
A goblin comes into view. It is wielding a +0 club.
A goblin is nearby!
Things that are here:
a +0 club; a goblin corpse You start resting.
A goblin is nearby!
The goblin shouts!
You start resting.
A goblin is nearby!
You feel strangely unstable.
You are suddenly yanked towards a nearby monster!
Your surroundings suddenly seem different.
A jackal comes into view.
The jackal barks!
You hear a bark!
A jackal is nearby!
A jackal comes into view.
The jackal barks!
You barely miss the jackal. The jackal barely misses you.
The jackal bites you but does no damage.
You closely miss the jackal. The jackal barely misses you.
You hit the jackal but do no damage.
The jackal bites you but does no damage.
You closely miss the jackal. The jackal bites you.
* * * LOW HITPOINT WARNING * * *
A giant cockroach comes into view.
The jackal bites you.
You die...

..# #.#
#.# #.#
#.# #.#
#.#
###B####.#
#....hh@.#
##########


You could see 2 jackals and a giant cockroach.

Vanquished Creatures
  A dart slug (D:1)
  A goblin (D:1)
  2 kobolds (D:1)
4 creatures vanquished.

Notes
Turn   | Place    | Note
-------+----------+-------------------------------------------
     0 | Abyss:1  | meatgazer the Demonspawn Abyssal Knight began the quest for
                  | the Orb.
     0 | Abyss:1  | Reached XP level 1. HP: 18/18 MP: 2/2
    41 | Abyss:3  | Noticed a wretched star
    62 | Abyss:3  | Noticed an apocalypse crab
    78 | Abyss:4  | Identified the ring "Agrel" {rElec rC+ rCorr SInv Stlth-}
    91 | Abyss:4  | Noticed a large abomination
    91 | D:1      | Escaped the Abyss
   282 | D:1      | Slain by a jackal

Illustrated notes

Levels and vault maps discovered:
D:1:      sevenhm_arrival_forest_fort_small_5, layout_basic, serial_bayou_pond_b

Action                   || total
-------------------------++-------
Melee: Spear             ||    14
Invok: Depart the Abyss  ||     1
  Use: Scroll            ||     1
Armor: Leather armour    ||     2
Dodge: Dodged            ||     6

Table legend: (Time is in decaauts)
 A = Elapsed time spent in this place.
 B = Non-inter-level travel time spent in this place.
 C = Inter-level travel time spent in this place.
 D = Time resting spent in this place.
 E = Time spent auto-exploring this place.
 F = Levels seen in this place.
 G = Mean time per level.
                   A        B        C        D        E       F      G
               +--------+--------+--------+--------+--------+-----+--------+
         Total |    281 |    281 |      0 |    127 |     43 |   5 |   56.2 |
       Dungeon |    191 |    191 |      0 |    127 |     28 |   1 |  191.0 |
         Abyss |     90 |     90 |      0 |      0 |     15 |   4 |   22.5 |
               +--------+--------+--------+--------+--------+-----+--------+

Top non-repeatable levels by time:
     D:1: 191 daAuts
 Abyss:3: 35 daAuts
 Abyss:1: 19 daAuts
 Abyss:2: 18 daAuts
 Abyss:4: 16 daAuts
